 Dungeon Crawl Stone Soup version 0.28.0-53-g5a82cb258f (webtiles) character file.

Game seed: 1442097773540167269

107 issech the Chopper (level 4, 0/40 HPs)
             Began as a Minotaur Monk on June 2, 2022.
             Slain by an orc priest
             ... wielding a +0 mace
              (7 damage)
             ... on level 3 of the Dungeon.
             The game lasted 00:04:38 (2217 turns).

issech the Chopper (Minotaur Monk)                  Turns: 2217, Time: 00:04:38

Health: 0/40       AC:  6    Str: 16    XL:     4   Next: 56%
Magic:  3/3        EV: 12    Int:  7    God:
Gold:   60         SH:  0    Dex: 14    Spells: 3/3 levels left

rFire   + . .      SeeInvis .   c - +0 battleaxe
rCold   . . .      Faith    .   (shield currently unavailable)
rNeg    . . .      Spirit   .   d - +0 ring mail
rPois   .          Reflect  .   (helmet restricted)
rElec   .          Harm     .   f - +0 cloak
rCorr   .          Rampage  .   (no gloves)
Will    .....                   (no boots)
Stlth   ..........              (no amulet)
HPRegen 0.13/turn               l - ring of protection from fire
MPRegen 0.08/turn               (no ring)

@: confused
A: horns 2, retaliatory headbutt
a: no special abilities


You were on level 3 of the Dungeon.
You visited 1 branch of the dungeon, and saw 3 of its levels.

You collected 60 gold pieces.

Inventory:

Hand Weapons
 a - a +0 hand axe
 c - a +0 battleaxe (weapon)
Missiles
 e - 13 stones (quivered)
 h - 41 arrows
 m - 3 poisoned darts
Armour
 b - a +0 robe
 d - a +0 ring mail (worn)
 f - a +0 cloak (worn)
 g - a +0 leather armour
Jewellery
 l - a ring of protection from fire (left hand)
Scrolls
 i - a scroll of teleportation {unknown}
 j - a scroll of magic mapping {unknown}
 n - 2 scrolls of fog {unknown}
 o - a scroll of identify {unknown}
Potions
 k - a potion of lignification {unknown}


   Skills:
 + Level 4.2 Fighting
 + Level 5.3 Axes
 + Level 1.5 Armour
 + Level 3.6 Dodging
 + Level 1.8 Stealth


You had 3 spell levels left.
You didn't know any spells.
Your spell library was empty.

Dungeon Overview and Level Annotations

Branches:
Dungeon (3/15)

Altars:

Shops:
D:3 (


Innate Abilities, Weirdness & Mutations

You have a pair of horns on your head.
You reflexively headbutt those who attack you in melee.


Message History

You closely miss the orc wizard. The orc wizard closely misses you.
An orc priest comes into view. It is wielding a +0 mace.
You hit the orc wizard.
The orc wizard is moderately wounded.
The orc wizard closely misses you.
The orc wizard gestures wildly while chanting.
The orc wizard flickers and vanishes!
You barely miss something. You miss something. Something hits you. x2
You barely miss something. You headbutt something. You barely miss something.
You hear some strange, mumbled words.
You are confused.
Something hits you but does no damage. The orc priest closely misses you.
Something hits you but does no damage.
You miss something. x2; You barely miss the orc priest.
You hear some strange, mumbled words.
A magic dart appears from out of thin air!
The magic dart hits you! The orc priest misses you.
Something hits you but does no damage. Something barely misses you.
You bump into the rock wall.
The orc priest hits you with a +0 mace. Something hits you.
You hear some strange, mumbled words.
A puff of flame appears from out of thin air!
The puff of flame hits you! You resist.
You hit something but do no damage. You slash the orc priest!
You closely miss something. The orc priest hits you with a +0 mace.
Something hits you but does no damage.
You hear some strange, mumbled words.
Something tries to affect you, but you resist.
You bump into the rock wall.
The orc priest hits you with a +0 mace. Something barely misses you.
You hear some strange, mumbled words.
A magic dart appears from out of thin air!
The magic dart hits you.
* * * LOW HITPOINT WARNING * * *
You completely miss something. Your headbutt misses something.
You closely miss the orc priest. You miss something.
The orc priest looks encouraged for a moment.
Something hits you but does no damage. x2
The orc priest hits you with a +0 mace!
You die...

### ### ... .. #.#
#. #.###+##
#.###{##.##...##
#....{@..#.....##
##.##o###.......##
#. #.........# ..
+.........+ .#.
#.........# .##.
##.......## ## #.
##.....## #.
##...## ##'##


You could see an orc priest.

Vanquished Creatures
  3 adders
  3 gnolls (D:2)
  A worm (D:2)
  3 dart slugs (D:1)
  An orc (D:3)
  4 endoplasms (D:1)
  2 giant cockroaches (D:1)
  7 hobgoblins
  2 quokkas
  7 ball pythons
  3 bats
  A frilled lizard (D:1)
  5 kobolds
  4 rats
46 creatures vanquished.

Notes
Turn   | Place    | Note
-------+----------+-------------------------------------------
     0 | D:1      | issech the Minotaur Monk began the quest for the Orb.
     0 | D:1      | Reached XP level 1. HP: 19/19 MP: 0/0
   146 | D:1      | Reached skill level 4 in Axes
   148 | D:1      | Reached XP level 2. HP: 20/27 MP: 1/1
   456 | D:1      | Reached XP level 3. HP: 33/33 MP: 2/2
   511 | D:1      | Found a faded altar of an unknown god.
  1497 | D:2      | Reached skill level 5 in Axes
  1497 | D:2      | Reached skill level 1 in Armour
  1497 | D:2      | Reached XP level 4. HP: 8/40 MP: 3/3
  2155 | D:3      | Found Kefucu's Weapon Boutique.
  2217 | D:3      | Slain by an orc priest

Illustrated notes

Levels and vault maps discovered:
D:1:      dpeg_arrival_arbitrary_b, layout_basic,
          chequers_ecumenical_altar_simple
D:2:      layout_basic, roderic_serpentine_path
D:3:      layout_loops_corners, elyvilon_altar_3, serial_shops, shop,
          nicolae_shop_bloodbath_and_beyond, minmay_ogre_servants, uniq_natasha

Skill      XL: |  1  2  3 |
---------------+----------+-----
Axes           | 4 5 |  5.3
Fighting       | 4 |  4.2
Armour         | 1 |  1.5
Dodging        | |  3.6
Stealth        | |  1.8

Action                   |  1- 3 |  4- 6 || total
-------------------------+-------+-------++-------
Melee: Battleaxe         |    59 |    24 ||    83
       Headbutt          |     7 |     3 ||    10
Armor: Ring mail         |    14 |    15 ||    29
Dodge: Dodged            |    46 |    21 ||    67
